TOP OF THE 1ST |
Randall HS Raiders batting - Pitching for Indianapolis HS Rifles : RHP Ramón Silva
|
Pitching: RHP Ramón Silva
|
|
Batting: RHB Jesús Salazar
|
0-0: Foul Ball, location: 2F 0-1: Foul Ball, location: 2F 0-2: Foul Ball, location: 2F 0-2: Ball 1-2: Ball 2-2: Ball 3-2: Fly out, F7 (Flyball, 7LS)
|
Batting: RHB Mike Connor
|
0-0: Ball 1-0: Swinging Strike 1-1: Swinging Strike 1-2: Ball 2-2: Strikes out swinging
|
Batting: LHB Buddy Jones
|
0-0: Called Strike 0-1: Ball 1-1: SINGLE (Line Drive, 6)
|
Batting: LHB José Gonzáles
|
0-0: Foul Ball, location: 2F 0-1: Swinging Strike 0-2: Ball 1-2: Ball 2-2: Fielders Choice at 2nd, 4-6 (Groundball, 4)
|
Top of the 1st over - 0 run(s), 1 hit(s), 0 error(s), 0 left on base; Randall HS 0 - Indianapolis HS 0 |
BOTTOM OF THE 1ST |
Indianapolis HS Rifles batting - Pitching for Randall HS Raiders : RHP Jacob Bowden
|
Pitching: RHP Jacob Bowden
|
|
Batting: LHB Sam Fuller
|
0-0: Ball 1-0: Ball 2-0: Ball 3-0: Base on Balls
|
Batting: LHB Tim Howell
|
0-0: Ball 1-0: Foul Ball, location: 2F 1-1: Called Strike 1-2: Strikes out swinging
|
Batting: LHB Dave Sanders
|
0-0: Ball 1-0: Ball 2-0: Fly out, F1 (Line Drive, 13)
|
Batting: RHB Juan Valdéz
|
0-0: Ball Throwing error on steal attempt, E2 Sam Fuller to third 1-0: Ground out 6-3 (Groundball, 6)
|
Bottom of the 1st over - 0 run(s), 0 hit(s), 1 error(s), 1 left on base; Randall HS 0 - Indianapolis HS 0 |
TOP OF THE 2ND |
Randall HS Raiders batting - Pitching for Indianapolis HS Rifles : RHP Ramón Silva
|
Batting: RHB Derek Hartman
|
0-0: Ball 1-0: Fly out, F6 (Popup, 6S)
|
Batting: RHB Cisco Villa
|
0-0: Ball 1-0: Foul Ball, location: 2F 1-1: Foul Ball, location: 2F 1-2: Ball 2-2: Foul Ball, location: 2F 2-2: Ball 3-2: Foul Ball, location: 2F 3-2: Foul Ball, location: 2F 3-2: Base on Balls
|
Batting: RHB Flynn Roberts
|
0-0: Ball 1-0: Called Strike 1-1: Grounds into double play, 5-4-3 (Groundball, 5)
|
Top of the 2nd over - 0 run(s), 0 hit(s), 0 error(s), 0 left on base; Randall HS 0 - Indianapolis HS 0 |
BOTTOM OF THE 2ND |
Indianapolis HS Rifles batting - Pitching for Randall HS Raiders : RHP Jacob Bowden
|
Batting: LHB Jason Welch
|
0-0: Ball 1-0: Ball 2-0: Ball 3-0: Called Strike 3-1: Called Strike 3-2: SINGLE (Groundball, 4D)
|
Batting: LHB Benny Marte
|
0-0: Foul Ball, location: 2F 0-1: Swinging Strike 0-2: Ball 1-2: Strikes out swinging
|
Batting: RHB Joe Farrell
|
0-0: Ball 1-0: Ball 2-0: Called Strike 2-1: Swinging Strike 2-2: Strikes out swinging
|
Batting: RHB Wesley Wood
|
0-0: Ball 1-0: Foul Ball, location: 2F 1-1: Called Strike 1-2: Fly out, F9 (Flyball, 89D)
|
Bottom of the 2nd over - 0 run(s), 1 hit(s), 0 error(s), 1 left on base; Randall HS 0 - Indianapolis HS 0 |
TOP OF THE 3RD |
Randall HS Raiders batting - Pitching for Indianapolis HS Rifles : RHP Ramón Silva
|
Batting: RHB Stephen McNeely
|
0-0: Called Strike 0-1: Ball 1-1: Ball 2-1: Ball 3-1: Foul Ball, location: 2F 3-2: Base on Balls
|
Batting: LHB John Roberts
|
0-0: Called Strike 0-1: Foul Ball, location: 2F 0-2: Ball 1-2: Fly out, F8 (Flyball, 8LM)
|
Batting: RHB Jesús Salazar
|
0-0: Ball 1-0: Foul Ball, location: 2F 1-1: Called Strike 1-2: Strikes out looking
|
Batting: RHB Mike Connor
|
0-0: Ball 1-0: Ball 2-0: Fly out, F8 (Line Drive, 8RM)
|
Top of the 3rd over - 0 run(s), 0 hit(s), 0 error(s), 1 left on base; Randall HS 0 - Indianapolis HS 0 |
BOTTOM OF THE 3RD |
Indianapolis HS Rifles batting - Pitching for Randall HS Raiders : RHP Jacob Bowden
|
Batting: RHB Tom Jones
|
0-0: Ball 1-0: Ball 2-0: Swinging Strike 2-1: Swinging Strike 2-2: Strikes out swinging
|
Batting: LHB Sam Fuller
|
0-0: Called Strike 0-1: Ball 1-1: Foul Ball, location: 2F 1-2: Strikes out swinging
|
Batting: LHB Tim Howell
|
0-0: Ball 1-0: Called Strike 1-1: Ball 2-1: Called Strike 2-2: Ball 3-2: Foul Ball, location: 2F 3-2: Foul Ball, location: 2F 3-2: Base on Balls
|
Batting: LHB Dave Sanders
|
0-0: Ball 1-0: Called Strike Throwing error on steal attempt, E2 Tim Howell to third 1-1: Fly out, F7 (Flyball, 7S)
|
Bottom of the 3rd over - 0 run(s), 0 hit(s), 1 error(s), 1 left on base; Randall HS 0 - Indianapolis HS 0 |
TOP OF THE 4TH |
Randall HS Raiders batting - Pitching for Indianapolis HS Rifles : RHP Ramón Silva
|
Batting: LHB Buddy Jones
|
0-0: Ball 1-0: Foul Ball, location: 2F 1-1: Swinging Strike 1-2: Strikes out swinging
|
Batting: LHB José Gonzáles
|
0-0: Fly out, F9 (Flyball, 89S)
|
Batting: RHB Derek Hartman
|
0-0: Called Strike 0-1: Ball 1-1: Ground out 6-3 (Groundball, 6)
|
Top of the 4th over - 0 run(s), 0 hit(s), 0 error(s), 0 left on base; Randall HS 0 - Indianapolis HS 0 |
BOTTOM OF THE 4TH |
Indianapolis HS Rifles batting - Pitching for Randall HS Raiders : RHP Jacob Bowden
|
Batting: RHB Juan Valdéz
|
0-0: Foul Ball, location: 2F 0-1: Ball 1-1: Ball 2-1: Foul Ball, location: 2F 2-2: Ball 3-2: Foul Ball, location: 2F 3-2: SOLO HOME RUN (Flyball, 78XD), Distance : 424 ft
|
Batting: LHB Jason Welch
|
0-0: Called Strike 0-1: SINGLE (Flyball, 7LS)
|
Batting: LHB Benny Marte
|
0-0: Foul Ball, location: 2F 0-1: Ball 1-1: Called Strike 1-2: Fly out, F7 (Flyball, 7)
|
Batting: RHB Joe Farrell
|
0-0: Ball 1-0: Called Strike 1-1: Ball 2-1: Ball 3-1: Fly out, F7 (Flyball, 78XD)
|
Batting: RHB Wesley Wood
|
0-0: Called Strike 0-1: Fly out, F7 (Flyball, 78D)
|
Bottom of the 4th over - 1 run(s), 2 hit(s), 0 error(s), 1 left on base; Randall HS 0 - Indianapolis HS 1 |
TOP OF THE 5TH |
Randall HS Raiders batting - Pitching for Indianapolis HS Rifles : RHP Ramón Silva
|
Batting: RHB Cisco Villa
|
0-0: SINGLE (Line Drive, 34)
|
Batting: RHB Flynn Roberts
|
0-0: Called Strike 0-1: Ball 1-1: Fielders Choice at 2nd, 1-4 (Groundball, 15S)
|
Batting: RHB Stephen McNeely
|
0-0: Called Strike 0-1: Ball 1-1: SINGLE (Flyball, 9LS) Flynn Roberts to second Runner from 2nd tries for 3rd, SAFE, throw made to third
|
Batting: LHB John Roberts
|
0-0: Swinging Strike 0-1: Ball 1-1: Swinging Strike 1-2: Strikes out swinging
|
Batting: RHB Jesús Salazar
|
0-0: Ball 1-0: Called Strike 1-1: Fly out, F8 (Flyball, 8RM)
|
Top of the 5th over - 0 run(s), 2 hit(s), 0 error(s), 2 left on base; Randall HS 0 - Indianapolis HS 1 |
BOTTOM OF THE 5TH |
Indianapolis HS Rifles batting - Pitching for Randall HS Raiders : RHP Jacob Bowden
|
Batting: RHB Tom Jones
|
0-0: Foul Ball, location: 2F 0-1: SINGLE (Groundball, 34D)
|
Pitching: RHP Eric Hartley
|
|
Batting: LHB Sam Fuller
|
0-0: Ball 1-0: Swinging Strike 1-1: Swinging Strike 1-2: Strikes out looking
|
Batting: LHB Tim Howell
|
0-0: Ball 1-0: Called Strike 1-1: Swinging Strike 1-2: Ball 2-2: Ball 3-2: Strikes out swinging
|
Batting: LHB Dave Sanders
|
0-0: Called Strike 0-1: Ball 1-1: Ball 2-1: Ball 3-1: Base on Balls Tom Jones to second
|
Batting: RHB Juan Valdéz
|
0-0: Called Strike 0-1: Ball 1-1: Ball 2-1: Ball Passed Ball! Tom Jones to third Dave Sanders to second 3-1: Base on Balls
|
Batting: LHB Jason Welch
|
0-0: Foul Ball, location: 2F 0-1: Reached on error, E4 (Groundball, 34) Tom Jones scores Dave Sanders to third Juan Valdéz to second
|
Batting: LHB Benny Marte
|
0-0: Called Strike 0-1: Swinging Strike 0-2: Ground out 1-3 (Groundball, 13S)
|
Bottom of the 5th over - 1 run(s), 1 hit(s), 1 error(s), 3 left on base; Randall HS 0 - Indianapolis HS 2 |
TOP OF THE 6TH |
Randall HS Raiders batting - Pitching for Indianapolis HS Rifles : RHP Ramón Silva
|
Batting: RHB Mike Connor
|
0-0: Called Strike 0-1: Swinging Strike 0-2: Foul Ball, location: 2F 0-2: Ball 1-2: Foul Ball, location: 2F 1-2: Foul Ball, location: 2F 1-2: Strikes out swinging
|
Batting: LHB Buddy Jones
|
0-0: Ball 1-0: Ball 2-0: Foul Ball, location: 2F 2-1: Ball 3-1: Base on Balls
|
Batting: LHB José Gonzáles
|
0-0: Ball 1-0: Ball 2-0: Ball 3-0: Called Strike 3-1: Base on Balls Buddy Jones to second
|
Batting: RHB Derek Hartman
|
0-0: Called Strike 0-1: Ball 1-1: Ball 2-1: Ball 3-1: Base on Balls Buddy Jones to third José Gonzáles to second
|
Pitching: LHP Fernando Pérez
|
|
Batting: RHB Cisco Villa
|
0-0: Foul Ball, location: 2F 0-1: Ball 1-1: Ball 2-1: Swinging Strike 2-2: Foul Ball, location: 2F 2-2: Foul Ball, location: 2F 2-2: Strikes out swinging
|
Batting: RHB Flynn Roberts
|
0-0: Called Strike 0-1: SINGLE (Groundball, 56) (infield hit) Buddy Jones scores José Gonzáles to third Derek Hartman to second
|
Batting: RHB Stephen McNeely
|
0-0: Called Strike 0-1: Foul Ball, location: 2F 0-2: Strikes out looking
|
Top of the 6th over - 1 run(s), 1 hit(s), 0 error(s), 3 left on base; Randall HS 1 - Indianapolis HS 2 |
BOTTOM OF THE 6TH |
Indianapolis HS Rifles batting - Pitching for Randall HS Raiders : RHP Eric Hartley
|
Batting: RHB Joe Farrell
|
0-0: Foul Ball, location: 2F 0-1: Called Strike 0-2: Strikes out swinging
|
Batting: RHB Wesley Wood
|
0-0: Foul Ball, location: 2F 0-1: Swinging Strike 0-2: Ball 1-2: Foul Ball, location: 2F 1-2: Ball 2-2: Ground out 1-3 (Groundball, P)
|
Pitching: RHP Jon Carlisle
|
|
Batting: RHB Tom Jones
|
0-0: Called Strike 0-1: Ball 1-1: Ball 2-1: Foul Ball, location: 2F 2-2: Foul Ball, location: 2F 2-2: Foul Ball, location: 2F 2-2: Foul Ball, location: 2F 2-2: Strikes out looking
|
Bottom of the 6th over - 0 run(s), 0 hit(s), 0 error(s), 0 left on base; Randall HS 1 - Indianapolis HS 2 |
TOP OF THE 7TH |
Randall HS Raiders batting - Pitching for Indianapolis HS Rifles : LHP Fernando Pérez
|
Batting: LHB John Roberts
|
0-0: Called Strike 0-1: Swinging Strike 0-2: Strikes out swinging
|
Pitching: RHP Javier Valéncia
|
|
Batting: RHB Jesús Salazar
|
0-0: Ball 1-0: Ball 2-0: Ball 3-0: Called Strike 3-1: Base on Balls
|
Batting: RHB Mike Connor
|
0-0: Ball Jesús Salazar steals 2nd base 1-0: Called Strike 1-1: Called Strike Jesús Salazar is caught stealing 3rd base 1-2: Ball 2-2: Foul Ball, location: 2F 2-2: Ball 3-2: SOLO HOME RUN (Flyball, 89XD), Distance : 433 ft
|
Pitching: LHP Ryan Baker
|
|
Batting: LHB Buddy Jones
|
0-0: Fly out, F7 (Flyball, 7)
|
Top of the 7th over - 1 run(s), 1 hit(s), 0 error(s), 0 left on base; Randall HS 2 - Indianapolis HS 2 |
BOTTOM OF THE 7TH |
Indianapolis HS Rifles batting - Pitching for Randall HS Raiders : RHP Jon Carlisle
|
Batting: LHB Sam Fuller
|
0-0: Ball 1-0: Ball 2-0: Foul Ball, location: 2F 2-1: Foul Ball, location: 2F 2-2: Strikes out looking
|
Batting: LHB Tim Howell
|
0-0: Ball 1-0: Foul Ball, location: 2F 1-1: DOUBLE (Line Drive, 89M)
|
Batting: LHB Dave Sanders
|
0-0: Intentional Walk
|
Batting: RHB Juan Valdéz
|
0-0: Ball 1-0: Ball 2-0: Fly out, F4 (Popup, 4MD)
|
Batting: LHB Jason Welch
|
0-0: Ball 1-0: SINGLE (Groundball, 4MD) Tim Howell to third Dave Sanders to second Runner from 3rd tries for Home, SAFE, no throw
|
Pinch Runner at 2nd Lorenzo Camacho:
|
|
Batting: LHB Benny Marte
|
0-0: Called Strike 0-1: Called Strike 0-2: Strikes out looking
|
Bottom of the 7th over - 1 run(s), 2 hit(s), 0 error(s), 2 left on base; Randall HS 2 - Indianapolis HS 3 |
TOP OF THE 8TH |
Randall HS Raiders batting - Pitching for Indianapolis HS Rifles : LHP Ryan Baker
|
Now at 1B: Jack Hammond
|
|
Batting: LHB José Gonzáles
|
0-0: Foul Ball, location: 2F 0-1: Ball 1-1: Ball 2-1: Ground out 4-3 (Groundball, 4)
|
Batting: RHB Derek Hartman
|
0-0: Ball 1-0: Ball 2-0: Ball 3-0: Called Strike 3-1: Base on Balls
|
Pitching: RHP Victor Kocher
|
|
Batting: RHB Cisco Villa
|
0-0: Swinging Strike 0-1: Called Strike 0-2: Strikes out swinging
|
Batting: RHB Flynn Roberts
|
0-0: Called Strike 0-1: Foul Ball, location: 2F 0-2: Strikes out looking
|
Top of the 8th over - 0 run(s), 0 hit(s), 0 error(s), 1 left on base; Randall HS 2 - Indianapolis HS 3 |
BOTTOM OF THE 8TH |
Indianapolis HS Rifles batting - Pitching for Randall HS Raiders : RHP Jon Carlisle
|
Batting: RHB Joe Farrell
|
0-0: Ball 1-0: Ball 2-0: Ball 3-0: Called Strike 3-1: Swinging Strike 3-2: Base on Balls
|
Batting: RHB Wesley Wood
|
0-0: Foul Ball, location: 2F 0-1: Ball 1-1: Foul Ball, location: 2F 1-2: Foul Ball, location: 2F 1-2: Ball 2-2: Ball 3-2: SINGLE (Flyball, 89S) Joe Farrell to second Joe Farrell to third
|
Batting: RHB Tom Jones
|
0-0: Ball 1-0: Ball 2-0: Swinging Strike 2-1: Ball 3-1: SINGLE (Flyball, 7LS) Joe Farrell scores Wesley Wood to second
|
Pitching: LHP Pedro Fernández
|
|
Batting: LHB Sam Fuller
|
0-0: Called Strike 0-1: Swinging Strike 0-2: Foul Ball, location: 2F 0-2: Foul Ball, location: 2F 0-2: Ball 1-2: Foul Ball, location: 2F 1-2: Ball 2-2: Foul Ball, location: 2F 2-2: Ball 3-2: Fielders Choice at 2nd, 6-4 (Groundball, 6M) Wesley Wood to third
|
Batting: LHB Tim Howell
|
0-0: TRIPLE (Line Drive, 89D) Wesley Wood scores Sam Fuller scores
|
Batting: LHB Jack Hammond
|
0-0: Foul Ball, location: 2F 0-1: Swinging Strike 0-2: Ball 1-2: Ball 2-2: SINGLE (Groundball, 4MD) Tim Howell scores
|
Pitching: RHP Allen Cronk
|
|
Batting: RHB Juan Valdéz
|
0-0: Called Strike 0-1: Fly out, F4 (Line Drive, 4)
|
Batting: LHB Jason Welch
|
0-0: Ball 1-0: Ball 2-0: Fly out, F9 (Flyball, 9LS)
|
Bottom of the 8th over - 4 run(s), 4 hit(s), 0 error(s), 1 left on base; Randall HS 2 - Indianapolis HS 7 |
TOP OF THE 9TH |
Randall HS Raiders batting - Pitching for Indianapolis HS Rifles : RHP Victor Kocher
|
Batting: RHB Stephen McNeely
|
0-0: Ball 1-0: Ball 2-0: Called Strike 2-1: Ball 3-1: Foul Ball, location: 2F 3-2: Foul Ball, location: 2F 3-2: Strikes out swinging
|
Pitching: RHP Brent O'Rourke
|
|
Batting: LHB John Roberts
|
0-0: Fly out, F9 (Flyball, 89M)
|
Batting: RHB Jesús Salazar
|
0-0: Called Strike
|
|
|
|
0-1: Swinging Strike 0-2: Ball 1-2: SOLO HOME RUN (Flyball, 9D), Distance : 393 ft
|
Batting: RHB Mike Connor
|
0-0: SINGLE (Line Drive, 8LS)
|
Pitching: RHP Martin Harmon
|
|
Batting: LHB Buddy Jones
|
0-0: Ball 1-0: Called Strike 1-1: Foul Ball, location: 2F 1-2: Ball 2-2: Fly out, F7 (Flyball, 7LSF)
|
Top of the 9th over - 1 run(s), 2 hit(s), 0 error(s), 1 left on base; Randall HS 3 - Indianapolis HS 7 |
|
Thursday, March 30th, 2017 - OOTP Baseball 17.12 Build 75
|
|